 Dungeon Crawl Stone Soup version 0.26.1-11-gd32895ea62 (webtiles) character file.

Game seed: 6779669220100527086

7241 jlumianski the Cleaver (level 11, -29/84 HPs)
             Began as a Gnoll Warper on Apr 29, 2021.
             Was a Believer of Sif Muna.
             Killed from afar by Fannar (39 damage)
             ... with a bolt of cold
             ... on level 11 of the Dungeon on Apr 30, 2021.
             The game lasted 01:16:12 (16273 turns).

jlumianski the Cleaver (Gnoll Warper)              Turns: 16273, Time: 01:16:13

Health: -29/84     AC: 12    Str: 14    XL:     11   Next: 12%
Magic:  5/7        EV: 16    Int: 22    God:    Sif Muna [**....]
Gold:   216        SH:  0    Dex: 14    Spells: 14/25 levels left

rFire    . . .     SeeInvis .   a - +4 broad axe (antimagic)
rCold    . . .     Faith    .   (no shield)
rNeg     + . .     Spirit   .   b - +0 leather armour
rPois    .         Reflect  .   x - +2 helmet {Int+3}
rElec    .         Harm     .   s - +0 cloak
rCorr    .         Rampage  .   B - +0 pair of gloves
Will     .....                  h - +1 pair of boots
Stlth    +++.......             U - amulet of magic regeneration
HPRegen  0.24/turn              o - ring of positive energy
MPRegen  0.35/turn              (no ring)

@: studying Axes
A: distributed training, fangs 1, strong nose
a: Renounce Religion, Channel Magic


You were on level 11 of the Dungeon.
You worshipped Sif Muna.
Sif Muna was pleased with you.
You visited 2 branches of the dungeon, and saw 12 of its levels.

You collected 398 gold pieces.
You spent 182 gold pieces at shops.

Inventory:

Hand Weapons
 a - a +4 antimagic broad axe (weapon)
 g - a +0 dagger of venom
 r - a +4 spear
 C - a +2 short sword of electrocution
 H - a +1 war axe of pain
 K - a +0 mace of holy wrath
 M - a cursed +0 rapier
 W - the +3 quarterstaff of Cuor {elec, Int+5}
   (You found it on level 9 of the Dungeon)

   Occasionally, upon striking a foe, it can discharge electrical energy and
   cause terrible harm.
   It affects your intelligence (+5).
Missiles
 c - 91 stones
 e - 4 boomerangs of dispersal
 z - a curare-tipped dart
 A - 4 boomerangs (quivered)
 Y - 4 atropa-tipped darts
Armour
 b - a +0 leather armour (worn)
 h - a +1 pair of boots (worn)
 s - a +0 cloak (worn)
 x - a +2 helmet of intelligence (worn)
 B - a +0 pair of gloves (worn)
 I - +0 steam dragon scales
 N - +0 acid dragon scales
 O - a +1 hat
 T - a +2 hat of intelligence
Jewellery
 o - a ring of positive energy (left hand)
 U - an amulet of magic regeneration (around neck)
Wands
 t - a wand of acid (3)
 y - a wand of flame (39)
 D - a wand of disintegration (4)
 E - a wand of random effects (20)
 F - a wand of iceblast (15)
 R - a wand of paralysis (8)
 S - a wand of polymorph (7)
 X - a wand of digging (6)
Scrolls
 d - 6 scrolls of blinking
 f - 2 scrolls of identify
 j - 8 scrolls of teleportation
 q - a scroll of fear
 v - a scroll of amnesia {unknown}
 w - a scroll of fog
 L - a scroll of brand weapon {unknown}
 P - a scroll of remove curse
 Z - a scroll of enchant armour
Potions
 i - 3 potions of haste
 k - a potion of cancellation
 l - a potion of brilliance {unknown}
 m - a potion of lignification
 n - 2 potions of curing
 p - a potion of flight {unknown}
 u - a potion of ambrosia
 G - a potion of magic {unknown}
 J - 4 potions of degeneration
 V - a potion of invisibility {unknown}
Books
 Q - a manual of Axes


   Skills:
 + Level 7.6 Fighting
 + Level 6.0 Short Blades
 + Level 6.0 Long Blades
 + Level 8.5 Axes
 + Level 6.0 Maces & Flails
 + Level 6.0 Polearms
 + Level 6.0 Staves
 + Level 6.0 Slings
 + Level 6.0 Bows
 + Level 6.0 Crossbows
 + Level 6.6 Throwing
 + Level 6.6 Armour
 + Level 7.6 Dodging
 + Level 6.0 Stealth
 + Level 6.0 Shields
 + Level 6.0 Unarmed Combat
 + Level 7.9 Spellcasting
 + Level 4.9 Conjurations
 + Level 4.9 Hexes
 + Level 4.9 Summonings
 + Level 4.9 Necromancy
 + Level 7.5 Translocations
 + Level 4.9 Transmutations
 + Level 4.9 Fire Magic
 + Level 4.9 Ice Magic
 + Level 4.9 Air Magic
 + Level 4.9 Earth Magic
 + Level 4.9 Poison Magic
 + Level 6.5 Invocations
 + Level 6.0 Evocations


You had 14 spell levels left.
You knew the following spells:

 Your Spells              Type           Power        Failure   Level
a - Blink                 Tloc           N/A          1%          2
b - Gell's Gravitas       Tloc           20%          1%          3
c - Teleport Other        Tloc           41%          1%          3
d - Confusing Touch       Hex            30%          3%          3

Your spell library contained the following spells:

 Spells                   Type           Power        Failure   Level
 Corona                   Hex            33%          1%          1
 Lesser Beckoning         Tloc           20%          1%          3
 Portal Projectile        Hex/Tloc       72%          2%          3
 Passage of Golubria      Tloc           N/A          4%          4
 Cause Fear               Hex            15%          12%         4
 Fulminant Prism          Conj/Hex       15%          12%         4
 Yara's Violent Unravell  Hex/Tmut       15%          32%         5


Dungeon Overview and Level Annotations

Branches:
Dungeon (11/15)            Temple (1/1) D:6            Lair (0/6) D:11
    Orc: D:9-12

Altars:
Ashenzari
Cheibriados
Dithmenos
Elyvilon
Fedhas
Gozag
Hepliaklqana
Kikubaaqudgha
Makhleb
Nemelex Xobeh
Okawaru
Qazlal
Ru
Sif Muna
Trog
Uskayaw
Vehumet
Wu Jian
Xom
Yredelemnul
Zin
The Shining One

Shops:
D:5 (   D:8 *   D:9 !

Annotations:
D:4 Prince Ribbit
D:8 Maurice
D:11 Fannar


Innate Abilities, Weirdness & Mutations

Your experience applies equally to all skills.
You have very sharp teeth.
Your uncanny sense of smell can sniff out nearby items.


Message History

Fannar gestures wildly while chanting.
Fannar drains the heat from the surrounding environment!
You feel very cold.
* * * LOW HITPOINT WARNING * * *
Fannar is frozen.
Fannar resists.
The ice beast hits you but does no damage.
Casting: Gell's Gravitas (safe; 1% risk of failure)
Confirm with . or Enter, or press ? or * to list all spells.
You don't have enough magic to cast that spell.
The ice beast barely misses you.
Fannar says, "Does this not give you the chills?"
The ice beast hits you.
* * * LOW HITPOINT WARNING * * *
The ice beast freezes you!
* * * LOW HITPOINT WARNING * * *
The ice beast completely misses you. Fannar gestures at you while chanting.
The bolt of cold hits the ice beast.
The ice beast completely resists.
The bolt of cold hits you!!!
You die...

.###......................#####
..........................#....
................).........#....
.....>..........))..#..........
.........###.#......#..........
#.......).....................
#.##.#.#####..#.#..#.##......# ∆
#......####.....#....#.......#
##............@....<..........#
[.........##YYY..#............#
..............................#
######....e.........####......#
#######........................≈
..$..................##...##...#
##.##.............#....).##....
#.............#......#.....
##....>..............#.#≈≈#


You could see Fannar and 3 ice beasts.

Vanquished Creatures
  Gastronok (D:7)
  An ugly thing (D:10)
  Maggie (D:6)
  A troll (D:9)
  A vampire (D:9)
  Sigmund (D:3)
  A wyvern (D:10)
  A steam dragon (D:8)
  4 orc warriors
  An ice beast (D:7)
  A sky beast (D:6)
  3 phantoms
  A black bear (D:7)
  A centaur (D:8)
  An ogre (D:4)
  4 bullfrogs
  2 scorpions (D:5)
  A wyvern skeleton (D:10)
  16 killer bees
  An electric eel (D:11)
  12 wights
  A howler monkey (D:3)
  4 hounds
  8 orc priests
  A centaur skeleton (D:6)
  A jelly (D:6)
  10 orc wizards
  3 bullfrog skeletons
  3 iguanas
  8 worker ants
  2 hound skeletons
  A worker ant zombie (D:3)
  Robin (D:4)
  3 gnolls (D:8)
  12 adders
  2 shadow imps
  2 white imps
  5 ufetubi
  An ooze (D:6)
  2 adder skeletons
  2 worms (D:2)
  3 leopard geckos
  34 orcs
  2 ball pythons
  7 giant cockroaches
  23 goblins
  14 hobgoblins
  13 jackals
  7 kobolds
  8 quokkas
  4 bats
  7 frilled lizards
  A quokka zombie (D:7)
  6 rats
  A spectral orc (D:8)
258 creatures vanquished.

Notes
Turn   | Place    | Note
-------+----------+-------------------------------------------
     0 | D:1      | jlumianski the Gnoll Warper began the quest for the Orb.
     0 | D:1      | Reached XP level 1. HP: 20/20 MP: 6/6
   110 | D:1      | Reached XP level 2. HP: 21/26 MP: 7/7
   117 | D:1      | Learned a level 2 spell: Blink
   655 | D:1      | Reached XP level 3. HP: 18/31 MP: 9/9
   660 | D:1      | Reached skill level 5 in Spellcasting
   670 | D:1      | Learned a level 3 spell: Gell's Gravitas
   674 | D:1      | Learned a level 3 spell: Teleport Other
  1618 | D:2      | Reached skill level 1 in Invocations
  1710 | D:2      | Reached skill level 1 in Short Blades
  1710 | D:2      | Reached skill level 1 in Long Blades
  1710 | D:2      | Reached skill level 1 in Maces & Flails
  1710 | D:2      | Reached skill level 1 in Polearms
  1710 | D:2      | Reached skill level 1 in Staves
  1710 | D:2      | Reached skill level 1 in Slings
  1710 | D:2      | Reached skill level 1 in Bows
  1710 | D:2      | Reached skill level 1 in Crossbows
  1710 | D:2      | Reached skill level 1 in Stealth
  1710 | D:2      | Reached skill level 1 in Shields
  1710 | D:2      | Reached skill level 1 in Unarmed Combat
  1710 | D:2      | Reached skill level 1 in Evocations
  2002 | D:2      | Reached XP level 4. HP: 38/38 MP: 7/11
  2326 | D:2      | Found a sparkling altar of Nemelex Xobeh.
  2441 | D:3      | Found a hide-covered altar of Uskayaw.
  2466 | D:3      | Reached skill level 1 in Conjurations
  2466 | D:3      | Reached skill level 1 in Hexes
  2466 | D:3      | Reached skill level 1 in Summonings
  2466 | D:3      | Reached skill level 1 in Necromancy
  2466 | D:3      | Reached skill level 1 in Transmutations
  2466 | D:3      | Reached skill level 1 in Fire Magic
  2466 | D:3      | Reached skill level 1 in Ice Magic
  2466 | D:3      | Reached skill level 1 in Air Magic
  2466 | D:3      | Reached skill level 1 in Earth Magic
  2466 | D:3      | Reached skill level 1 in Poison Magic
  2471 | D:3      | Reached XP level 5. HP: 16/43 MP: 3/12
  3047 | D:3      | Noticed Sigmund
  3082 | D:3      | Killed Sigmund
  3083 | D:3      | Reached skill level 5 in Fighting
  3083 | D:3      | Reached skill level 5 in Axes
  3083 | D:3      | Reached skill level 5 in Dodging
  3083 | D:3      | Reached XP level 6. HP: 19/51 MP: 14/14
  4194 | D:3      | Reached XP level 7. HP: 22/56 MP: 8/15
  4745 | D:4      | Noticed Robin
  4757 | D:4      | Killed Robin
  5134 | D:4      | Found a burning altar of Makhleb.
  5266 | D:5      | Entered Level 5 of the Dungeon
  5267 | D:5      | Noticed Prince Ribbit
  5909 | D:5      | Found Bacush's Antique Weapon Shoppe.
  5931 | D:5      | Bought a glowing broad axe for 182 gold pieces
  6165 | D:5      | Reached XP level 8. HP: 63/63 MP: 5/16
  6208 | D:5      | Found a hazy altar of Hepliaklqana.
  6353 | D:5      | Found a glowing silver altar of Zin.
  6801 | D:6      | Found an ancient bone altar of Kikubaaqudgha.
  6801 | D:6      | Found a blossoming altar of Fedhas.
  6836 | D:6      | Found a staircase to the Ecumenical Temple.
  6846 | Temple   | Entered the Ecumenical Temple
  6910 | Temple   | Became a worshipper of Sif Muna the Loreminder
  7020 | D:6      | Noticed Maggie
  7042 | D:6      | Killed Maggie
  7393 | D:7      | Found an opulent altar of Gozag.
  7454 | D:7      | Reached skill level 6 in Axes
  7567 | D:7      | Reached XP level 9. HP: 65/69 MP: 6/18
  8023 | D:7      | Found a glowing golden altar of the Shining One.
  8282 | D:7      | Reached * piety under Sif Muna
  8283 | D:7      | Reached skill level 5 in Throwing
  8283 | D:7      | Reached skill level 5 in Armour
  8581 | D:7      | Identified the Disquisition on Malediction
  8587 | D:7      | Learned a level 3 spell: Confusing Touch
  9911 | D:8      | Found a basalt altar of Yredelemnul.
  9953 | D:8      | Found Dopuaceh's Assorted Antiques.
 10011 | D:8      | Reached skill level 5 in Invocations
 10269 | D:8      | Noticed Maurice
 10657 | D:8      | Noticed Gastronok
 11169 | D:7      | Reached XP level 10. HP: 56/77 MP: 6/20
 11891 | D:7      | Killed Gastronok
 11892 | D:7      | Reached skill level 5 in Short Blades
 11892 | D:7      | Reached skill level 5 in Long Blades
 11892 | D:7      | Reached skill level 7 in Axes
 11892 | D:7      | Reached skill level 5 in Maces & Flails
 11892 | D:7      | Reached skill level 5 in Polearms
 11892 | D:7      | Reached skill level 5 in Staves
 11892 | D:7      | Reached skill level 5 in Slings
 11892 | D:7      | Reached skill level 5 in Bows
 11892 | D:7      | Reached skill level 5 in Crossbows
 11892 | D:7      | Reached skill level 5 in Stealth
 11892 | D:7      | Reached skill level 5 in Shields
 11892 | D:7      | Reached skill level 5 in Unarmed Combat
 11892 | D:7      | Reached skill level 5 in Evocations
 12055 | D:8      | Found a bloodstained altar of Trog.
 12055 | D:8      | Found an iron altar of Okawaru.
 12515 | D:9      | Found a hazy altar of Hepliaklqana.
 12554 | D:9      | Found a snail-covered altar of Cheibriados.
 12560 | D:9      | Got a brightly glowing quarterstaff
 12568 | D:9      | Identified the +3 quarterstaff of Cuor {elec, Int+5} (You
                  | found it on level 9 of the Dungeon)
 12612 | D:9      | Reached ** piety under Sif Muna
 12927 | D:9      | Found Fiuv's Distillery.
 13032 | D:10     | Entered Level 10 of the Dungeon
 13470 | D:10     | Reached skill level 8 in Axes
 14528 | D:10     | Noticed a green ugly thing
 14578 | D:10     | HP: 3/79 [poisoned by a green ugly thing]
 14586 | D:10     | HP: 3/79 [poisoned by a green ugly thing]
 14938 | D:10     | Killed a green ugly thing
 14939 | D:10     | Reached XP level 11. HP: 42/84 MP: 7/22
 16249 | D:11     | Found a staircase to the Lair.
 16252 | D:11     | Noticed Fannar
 16273 | D:11     | Killed from afar by Fannar

Illustrated notes

Levels and vault maps discovered:
D:1:      dpeg_arrival_arbitrary_a, layout_basic
D:2:      layout_rooms, old_standard_altar
D:3:      kennysheep_big_flooded_room, layout_basic,
          eat_drink_and_be_merry_uskayaw, minmay_quantized, uniq_sigmund
D:4:      layout_cave_pools, lemuel_round_altar, dk_rats_in_the_wall, uniq_robin
D:5:      layout_basic, zin_academy, basic_altar, serial_shops,
          nicolae_shop_statue_plus, minivault_11, uniq_prince_ribbit1
D:6:      layout_rooms, grunt_temple_overflow_growth_and_decay,
          minmay_temple_entry_nine_rooms, uniq_maggie
D:7:      layout_rooms, lemuel_crystal_altar, basic_altar
D:8:      layout_basic, grunt_temple_overflow_bloody_war,
          yredelemnul_forgotten_temple_becter, serial_rivers,
          chequers_serial_rivers_micro_d, chequers_serial_rivers_micro_e,
          chequers_serial_rivers_large_b, chequers_serial_rivers_small_a,
          chequers_serial_rivers_micro_a, serial_shops, shop_coins,
          feat_on_display, uniq_gastronok, uniq_maurice
D:9:      layout_irregular_city, grunt_temple_overflow_open, serial_shops,
          nicolae_shop_statue_plus, minmay_variable_closet,
          minmay_misc_feat_encased
D:10:     layout_irregular_city, kennysheep_generic_room_8
D:11:     layout_basic, lair_entry_dummy, uniq_fannar, uniq_sonja
Temple:   compressed_dpeg_circular_temple

Skill      XL: |  1  2  3  4  5  6  7  8  9 10 11 |
---------------+----------------------------------+-----
Spellcasting   | 5 6 7 |  7.9
Invocations    | 1 2 3 4 5 6 |  6.5
Short Blades   | 1 2 3 4 5 6 |  6.0
Long Blades    | 1 2 3 4 5 6 |  6.0
Maces & Flails | 1 2 3 4 5 6 |  6.0
Polearms       | 1 2 3 4 5 6 |  6.0
Staves         | 1 2 3 4 5 6 |  6.0
Slings         | 1 2 3 4 5 6 |  6.0
Bows           | 1 2 3 4 5 6 |  6.0
Crossbows      | 1 2 3 4 5 6 |  6.0
Stealth        | 1 2 3 4 5 6 |  6.0
Shields        | 1 2 3 4 5 6 |  6.0
Unarmed Combat | 1 2 3 4 5 6 |  6.0
Evocations     | 1 2 3 4 5 6 |  6.0
Conjurations   | 1 2 3 4 |  4.9
Hexes          | 1 2 3 4 |  4.9
Summonings     | 1 2 3 4 |  4.9
Necromancy     | 1 2 3 4 |  4.9
Transmutations | 1 2 3 4 |  4.9
Fire Magic     | 1 2 3 4 |  4.9
Ice Magic      | 1 2 3 4 |  4.9
Air Magic      | 1 2 3 4 |  4.9
Earth Magic    | 1 2 3 4 |  4.9
Poison Magic   | 1 2 3 4 |  4.9
Fighting       | 5 6 7 |  7.6
Axes           | 5 6 8 |  8.5
Throwing       | 3 4 5 6 |  6.6
Armour         | 3 4 5 6 |  6.6
Dodging        | 5 6 7 |  7.6
Translocations | 6 7 |  7.5

Action                   |  1- 3 |  4- 6 |  7- 9 | 10-12 || total
-------------------------+-------+-------+-------+-------++-------
Melee: Hand axe          |   133 |    94 |     7 |       ||   234
       Bite              |     9 |    17 |    65 |    18 ||   109
       Punch             |       |     3 |     3 |     2 ||     8
       Dagger            |       |    76 |   109 |       ||   185
       Broad axe         |       |       |   237 |   180 ||   417
       Staff             |       |       |   126 |       ||   126
       Mace              |       |       |       |     1 ||     1
Throw: Stone             |     5 |    14 |     9 |       ||    28
       Dart              |       |       |     1 |     4 ||     5
       Boomerang         |       |       |       |     6 ||     6
 Cast: Gell's Gravitas   |     3 |     6 |    17 |     5 ||    31
       Blink             |       |       |     3 |     8 ||    11
       Confusing Touch   |       |       |     1 |     1 ||     2
Evoke: Wand              |       |       |    10 |     8 ||    18
  Use: Scroll            |       |     4 |     9 |     2 ||    15
       Potion            |       |     3 |     2 |     4 ||     9
 Stab: Sleeping          |     1 |     1 |     3 |     3 ||     8
       Confused          |       |       |       |     2 ||     2
Armor: Leather armour    |    27 |    39 |   177 |    85 ||   328
Dodge: Dodged            |    76 |   127 |   424 |   215 ||   842
